3234 views
Uploaded 2020-08-27 15:36:59
Game version 1.32.8
32:31 long 4on4 custom game on (8)Cherryville
Game name "W3Champions-s2-20-QhxIauGea"
Saved by Compre
3234 views
Uploaded 2020-08-27 15:36:59
Game version 1.32.8
32:31 long 4on4 custom game on (8)Cherryville
Game name "W3Champions-s2-20-QhxIauGea"


261 units @ 29.7k
/ 3.5k
188 buildings @ 24.4k
/ 11.8k
⇛
YaGami
(30:56) : 


x1)
| Lesser Clarity Potion | 7 | 490 |
| Potion of Healing | 6 | 900 |
| Scroll of Regeneration | 1 | 100 |
| Staff of Sanctuary | 2 | 500 |
| Dust of Appearance | 1 | 75 |
| Scroll of Town Portal | 6 | 2100 |
| Scroll of Healing | 2 | 500 |
| Tome of Retraining | 1 | 300 |
| Potion of Lesser Invulnerability | 1 | 150 |
| total: | 27 | 5115g |
| Peasant | 25 | 1875 | / | 0 |
| Footman | 12 | 1620 | / | 0 |
| Rifleman | 14 | 2870 | / | 420 |
| Priest | 12 | 1620 | / | 120 |
| Knight | 1 | 245 | / | 60 |
| Goblin Shredder | 1 | 375 | / | 100 |
| Goblin Sapper | 1 | 215 | / | 100 |
| total: | 66 | 8820g | / | 800w |
| Scout Tower | 35 | 1050 | / | 700 |
| Arcane Tower | 4 | 280 | / | 200 |
| Guard Tower | 17 | 1190 | / | 850 |
| Altar of Kings | 1 | 180 | / | 50 |
| Farm | 10 | 800 | / | 200 |
| Barracks | 2 | 320 | / | 120 |
| Town Hall | 2 | 770 | / | 410 |
| Arcane Vault | 2 | 260 | / | 60 |
| Blacksmith | 1 | 140 | / | 60 |
| Lumber Mill | 1 | 120 | / | 0 |
| Arcane Sanctum | 1 | 150 | / | 140 |
| Keep | 1 | 320 | / | 210 |
| Castle | 1 | 360 | / | 210 |
| total: | 55 | 3790g | / | 1740w |
| 0:01 | Peasant |
| 0:03 | Altar of Kings |
| 0:04 | Peasant |
| 0:10 | Farm |
| 0:18 | Barracks |
| 0:24 | Peasant |
| 0:42 | Farm |
| 0:45 | Peasant |
| 0:53 | Peasant |
| 1:11 | Peasant |
| 1:18 | Footman |
| 1:25 | Peasant |
| 1:29 | Scout Tower |
| 1:40 | Footman |
| 1:47 | Farm |
| 1:57 | Peasant |
| 2:05 | Summon Water Elemental |
| 2:09 | Peasant |
| 2:21 | Peasant |
| 2:36 | Footman |
| 2:44 | Peasant |
| 2:51 | Brilliance Aura |
| 2:51 | Peasant |
| 3:03 | Peasant |
| 3:16 | Town Hall |
| 3:18 | Peasant |
| 3:27 | Peasant |
| 3:42 | Scout Tower |
| 3:45 | Peasant |
| 3:55 | Peasant |
| 4:01 | Peasant |
| 4:09 | Arcane Tower |
| 4:20 | Arcane Vault |
| 4:21 | Arcane Vault |
| 4:32 | Peasant |
| 4:40 | Farm |
| 4:47 | Peasant |
| 4:55 | Peasant |
| 5:06 | Peasant |
| 5:15 | Dust of Appearance |
| 5:33 | Footman |
| 5:35 | Peasant |
| 5:38 | Keep |
| 5:53 | Footman |
| 6:10 | Peasant |
| 6:11 | Scout Tower |
| 6:15 | Footman |
| 6:24 | Barracks |
| 6:25 | Footman |
| 6:28 | Lesser Clarity Potion |
| 6:29 | Scout Tower |
| 6:32 | Footman |
| 6:39 | Blacksmith |
| 6:40 | Farm |
| 6:43 | Arcane Tower |
| 6:53 | Footman |
| 7:03 | Footman |
| 7:04 | Defend |
| 7:16 | Farm |
| 7:17 | Farm |
| 7:22 | Scout Tower |
| 7:23 | Scout Tower |
| 7:24 | Footman |
| 7:31 | Lesser Clarity Potion |
| 7:47 | Footman |
| 7:56 | Arcane Tower |
| 7:59 | Arcane Tower |
| 8:03 | Rifleman |
| 8:10 | Lumber Mill |
| 8:50 | Guard Tower |
| 8:54 | Scout Tower |
| 8:54 | Scout Tower |
| 8:55 | Scout Tower |
| 9:01 | Potion of Healing |
| 9:02 | Potion of Healing |
| 9:02 | Potion of Healing |
| 9:24 | Scout Tower |
| 9:28 | Storm Bolt |
| 9:29 | Guard Tower |
| 9:36 | Long Rifles |
| 9:38 | Improved Lumber Harvesting |
| 9:43 | Guard Tower |
| 9:52 | Peasant |
| 10:08 | Scout Tower |
| 10:09 | Scout Tower |
| 10:10 | Scout Tower |
| 10:14 | Goblin Shredder |
| 10:28 | Improved Masonry |
| 10:31 | Advanced Masonry |
| 10:35 | Guard Tower |
| 10:41 | Guard Tower |
| 10:52 | Guard Tower |
| 11:06 | Scout Tower |
| 11:20 | Castle |
| 11:34 | Guard Tower |
| 11:35 | Scout Tower |
| 11:37 | Scout Tower |
| 11:41 | Imbued Masonry |
| 11:58 | Scroll of Town Portal |
| 11:58 | Potion of Healing |
| 12:00 | Summon Water Elemental |
| 12:11 | Arcane Sanctum |
| 12:18 | Scroll of Regeneration |
| 12:18 | Lesser Clarity Potion |
| 12:31 | Guard Tower |
| 12:38 | Tome of Retraining |
| 12:38 | Retrain Hero |
| 12:39 | Scroll of Healing |
| 12:40 | Blizzard |
| 12:40 | Blizzard |
| 12:42 | Brilliance Aura |
| 12:44 | Scroll of Healing |
| 12:44 | Potion of Lesser Invulnerability |
| 13:00 | Rifleman |
| 13:26 | Priest |
| 14:11 | Priest Adept Training |
| 14:38 | Animal War Training |
| 14:39 | Priest |
| 14:44 | Scout Tower |
| 14:45 | Scout Tower |
| 14:45 | Scout Tower |
| 14:47 | Scout Tower |
| 14:48 | Scout Tower |
| 14:57 | Scroll of Town Portal |
| 15:04 | Staff of Sanctuary |
| 15:06 | Holy Light |
| 15:19 | Priest Master Training |
| 15:52 | Priest |
| 15:52 | Rifleman |
| 16:18 | Knight |
| 16:43 | Farm |
| 16:43 | Farm |
| 16:59 | Guard Tower |
| 17:01 | Lesser Clarity Potion |
| 17:14 | Scroll of Town Portal |
| 17:14 | Scroll of Town Portal |
| 17:14 | Scroll of Town Portal |
| 17:29 | Sundering Blades |
| 17:30 | Lesser Clarity Potion |
| 17:40 | Black Gunpowder |
| 17:44 | Priest |
| 17:59 | Priest |
| 18:02 | Farm |
| 18:45 | Scout Tower |
| 18:46 | Scout Tower |
| 18:48 | Lesser Clarity Potion |
| 18:54 | Priest |
| 18:57 | Rifleman |
| 19:16 | Guard Tower |
| 19:27 | Priest |
| 19:36 | Potion of Healing |
| 20:33 | Potion of Healing |
| 20:41 | Rifleman |
| 20:42 | Priest |
| 20:42 | Rifleman |
| 20:43 | Priest |
| 21:24 | Town Hall |
| 21:25 | Scout Tower |
| 21:25 | Scout Tower |
| 21:28 | Scout Tower |
| 21:33 | Scout Tower |
| 21:33 | Scout Tower |
| 21:40 | Rifleman |
| 21:41 | Priest |
| 21:45 | Thunder Clap |
| 21:54 | Guard Tower |
| 21:58 | Guard Tower |
| 22:45 | Lesser Clarity Potion |
| 22:47 | Guard Tower |
| 23:08 | Staff of Sanctuary |
| 23:10 | Rifleman |
| 23:11 | Priest |
| 23:34 | Rifleman |
| 24:24 | Devotion Aura |
| 24:46 | Brilliance Aura |
| 25:01 | Storm Bolt |
| 25:05 | Rifleman |
| 25:05 | Priest |
| 25:34 | Rifleman |
| 26:06 | Rifleman |
| 27:03 | Scroll of Town Portal |
| 27:51 | Rifleman |
| 27:57 | Refined Gunpowder |
| 28:06 | Rifleman |
| 28:07 | Studded Leather Armor |
| 28:16 | Goblin Sapper |
| 28:23 | Scout Tower |
| 28:40 | Guard Tower |
| 28:41 | Scout Tower |
| 28:42 | Scout Tower |
| 28:57 | Scout Tower |
| 28:57 | Scout Tower |
| 28:58 | Scout Tower |
| 29:06 | Guard Tower |
| 29:07 | Scout Tower |
| 29:13 | Guard Tower |
| 29:27 | Devotion Aura |
| 29:45 | Guard Tower |
| Right click | 2278 |
| Select group | 2102 |
| Select | 1548 |
| Assign group | 279 |
| Build/train/purchase | 256 |
| Misc. action | 160 |
| Use ability | 127 |
| Esc | 15 |
| Resource trade | 9 |
| Minimap ping | 5 |
| Item give/drop | 1 |
PlsNoTroll
(32:30) : 

| Lesser Clarity Potion | 9 | 630 |
| Orb of Venom | 1 | 325 |
| Staff of Preservation | 2 | 300 |
| Moonstone | 3 | 150 |
| Potion of Healing | 3 | 450 |
| Scroll of Town Portal | 7 | 2450 |
| Scroll of Healing | 1 | 250 |
| Staff of Teleportation | 1 | 150 |
| Potion of Lesser Invulnerability | 2 | 300 |
| total: | 29 | 5005g |
| Wisp | 33 | 1980 | / | 0 |
| Archer | 15 | 1950 | / | 150 |
| Mountain Giant | 10 | 3500 | / | 1000 |
| Dryad | 4 | 580 | / | 240 |
| total: | 62 | 8010g | / | 1390w |
| Ancient Protector | 14 | 1890 | / | 1120 |
| Altar of Elders | 2 | 360 | / | 100 |
| Moon Well | 11 | 1980 | / | 440 |
| Ancient of War | 1 | 150 | / | 60 |
| Ancient of Wonders | 4 | 360 | / | 120 |
| Tree of Life | 1 | 340 | / | 185 |
| Hunter's Hall | 1 | 210 | / | 100 |
| Ancient of Lore | 3 | 465 | / | 435 |
| Tree of Ages | 1 | 320 | / | 180 |
| Tree of Eternity | 1 | 330 | / | 200 |
| total: | 37 | 5755g | / | 2560w |
| 0:01 | Wisp |
| 0:02 | Altar of Elders |
| 0:04 | Altar of Elders |
| 0:09 | Wisp |
| 0:15 | Moon Well |
| 0:18 | Moon Well |
| 0:22 | Wisp |
| 0:31 | Ancient of War |
| 0:37 | Wisp |
| 0:52 | Wisp |
| 1:02 | Wisp |
| 1:18 | Wisp |
| 1:32 | Moon Well |
| 1:33 | Archer |
| 1:37 | Wisp |
| 1:45 | Wisp |
| 1:45 | Wisp |
| 2:10 | Force of Nature |
| 2:11 | Moon Well |
| 2:12 | Moon Well |
| 2:13 | Wisp |
| 2:14 | Ancient of Wonders |
| 2:16 | Moon Well |
| 2:33 | Wisp |
| 3:00 | Entangling Roots |
| 3:01 | Wisp |
| 3:15 | Archer |
| 3:16 | Tree of Ages |
| 3:43 | Tree of Life |
| 3:53 | Archer |
| 4:19 | Archer |
| 4:30 | Ancient of Wonders |
| 4:42 | Archer |
| 5:02 | Archer |
| 5:07 | Hunter's Hall |
| 5:38 | Wisp |
| 5:38 | Wisp |
| 6:00 | Archer |
| 6:21 | Archer |
| 6:22 | Wisp |
| 6:22 | Wisp |
| 6:22 | Wisp |
| 6:22 | Wisp |
| 6:23 | Wisp |
| 6:29 | Lesser Clarity Potion |
| 6:36 | Archer |
| 6:57 | Entangling Roots |
| 7:17 | Tree of Eternity |
| 7:19 | Ancient of Lore |
| 7:19 | Ancient of Lore |
| 7:48 | Ancient Protector |
| 7:50 | Wisp |
| 7:52 | Ancient Protector |
| 8:03 | Improved Bows |
| 8:08 | Ancient of Lore |
| 8:18 | Nature's Blessing |
| 8:22 | Ancient Protector |
| 8:22 | Ancient Protector |
| 8:23 | Wisp |
| 8:23 | Wisp |
| 8:34 | Ancient of Wonders |
| 9:03 | Archer |
| 9:06 | Moon Well |
| 9:07 | Moon Well |
| 9:11 | Ancient Protector |
| 9:15 | Ancient Protector |
| 9:40 | Marksmanship |
| 9:41 | Hardened Skin |
| 9:41 | Resistant Skin |
| 9:43 | Wisp |
| 9:43 | Wisp |
| 9:50 | Acid Bomb |
| 10:21 | Ancient of Wonders |
| 11:23 | Archer |
| 11:24 | Archer |
| 11:25 | Strength of the Wild |
| 11:25 | Reinforced Hides |
| 11:26 | Well Spring |
| 11:26 | Ultravision |
| 11:27 | Mountain Giant |
| 11:34 | Orb of Venom |
| 11:34 | Staff of Preservation |
| 11:35 | Moonstone |
| 11:35 | Potion of Healing |
| 12:00 | Lesser Clarity Potion |
| 12:07 | Moon Well |
| 12:08 | Wisp |
| 12:40 | Scroll of Town Portal |
| 12:40 | Lesser Clarity Potion |
| 12:48 | Ancient Protector |
| 12:49 | Ancient Protector |
| 12:52 | Ancient Protector |
| 12:53 | Wisp |
| 12:53 | Wisp |
| 12:53 | Wisp |
| 13:04 | Ancient Protector |
| 13:04 | Ancient Protector |
| 13:06 | Wisp |
| 13:06 | Wisp |
| 13:06 | Wisp |
| 13:33 | Mountain Giant |
| 13:45 | Mountain Giant |
| 13:47 | Scroll of Town Portal |
| 14:34 | Ancient Protector |
| 14:34 | Ancient Protector |
| 14:34 | Ancient Protector |
| 15:03 | Scroll of Town Portal |
| 15:04 | Staff of Preservation |
| 15:29 | Scroll of Town Portal |
| 15:31 | Force of Nature |
| 15:38 | Mountain Giant |
| 15:43 | Mountain Giant |
| 16:25 | Archer |
| 17:14 | Archer |
| 17:15 | Mountain Giant |
| 17:28 | Staff of Teleportation |
| 17:28 | Potion of Lesser Invulnerability |
| 17:33 | Potion of Healing |
| 17:38 | Improved Strength of the Wild |
| 17:38 | Improved Reinforced Hides |
| 18:46 | Healing Spray |
| 18:50 | Scroll of Town Portal |
| 18:50 | Lesser Clarity Potion |
| 18:53 | Moonstone |
| 19:58 | Dryad |
| 20:00 | Advanced Strength of the Wild |
| 20:00 | Advanced Reinforced Hides |
| 20:03 | Wisp |
| 20:04 | Abolish Magic |
| 20:05 | Dryad |
| 21:27 | Lesser Clarity Potion |
| 23:17 | Scroll of Town Portal |
| 23:17 | Lesser Clarity Potion |
| 23:31 | Mountain Giant |
| 23:32 | Dryad |
| 23:52 | Lesser Clarity Potion |
| 25:20 | Acid Bomb |
| 25:53 | Mountain Giant |
| 25:56 | Archer |
| 26:51 | Lesser Clarity Potion |
| 26:57 | Mountain Giant |
| 27:02 | Moonstone |
| 27:44 | Potion of Lesser Invulnerability |
| 27:44 | Scroll of Healing |
| 28:34 | Lesser Clarity Potion |
| 28:35 | Potion of Healing |
| 29:04 | Moon Well |
| 29:04 | Moon Well |
| 29:23 | Entangling Roots |
| 30:10 | Scroll of Town Portal |
| 30:13 | Mountain Giant |
| 32:02 | Dryad |
| Select group | 2483 |
| Right click | 1492 |
| Select | 774 |
| Misc. action | 431 |
| Build/train/purchase | 218 |
| Use ability | 146 |
| Assign group | 71 |
| Minimap ping | 22 |
| Esc | 10 |
| Resource trade | 6 |
| Item give/drop | 4 |

| Staff of Preservation | 1 | 150 |
| Scroll of Town Portal | 4 | 1400 |
| Dust of Appearance | 1 | 75 |
| total: | 6 | 1625g |
| Wisp | 69 | 4140 | / | 0 |
| Glaive Thrower | 2 | 420 | / | 130 |
| Archer | 9 | 1170 | / | 90 |
| Faerie Dragon | 4 | 620 | / | 100 |
| Hippogryph | 6 | 960 | / | 120 |
| total: | 90 | 7310g | / | 440w |
| Ancient Protector | 40 | 5400 | / | 3200 |
| Moon Well | 8 | 1440 | / | 320 |
| Altar of Elders | 2 | 360 | / | 100 |
| Ancient of Wonders | 3 | 270 | / | 90 |
| Ancient of War | 2 | 300 | / | 120 |
| Hunter's Hall | 1 | 210 | / | 100 |
| Tree of Life | 4 | 1360 | / | 740 |
| Ancient of Wind | 3 | 450 | / | 420 |
| Tree of Ages | 1 | 320 | / | 180 |
| total: | 63 | 9790g | / | 5090w |
| 0:01 | Wisp |
| 0:05 | Wisp |
| 0:08 | Wisp |
| 0:12 | Wisp |
| 0:16 | Moon Well |
| 0:26 | Wisp |
| 0:29 | Wisp |
| 0:34 | Wisp |
| 0:38 | Wisp |
| 0:41 | Wisp |
| 0:48 | Altar of Elders |
| 0:56 | Ancient of Wonders |
| 1:03 | Wisp |
| 1:21 | Wisp |
| 1:26 | Wisp |
| 1:30 | Wisp |
| 1:38 | Wisp |
| 1:42 | Wisp |
| 2:02 | Wisp |
| 2:11 | Ancient of War |
| 2:25 | Hunter's Hall |
| 2:41 | Ancient of War |
| 3:06 | Tree of Life |
| 3:19 | Moon Well |
| 3:29 | Trueshot Aura |
| 3:37 | Moon Well |
| 4:11 | Glaive Thrower |
| 4:24 | Glaive Thrower |
| 4:58 | Strength of the Moon |
| 5:07 | Wisp |
| 5:20 | Ancient Protector |
| 5:21 | Ancient Protector |
| 5:24 | Ancient Protector |
| 5:42 | Ancient Protector |
| 5:58 | Wisp |
| 6:28 | Wisp |
| 6:28 | Wisp |
| 6:49 | Wisp |
| 6:49 | Wisp |
| 7:08 | Wisp |
| 7:08 | Wisp |
| 7:10 | Tree of Ages |
| 7:39 | Wisp |
| 7:39 | Wisp |
| 7:59 | Archer |
| 8:24 | Archer |
| 8:41 | Archer |
| 8:53 | Wisp |
| 8:54 | Wisp |
| 9:17 | Ancient Protector |
| 9:17 | Ancient Protector |
| 9:20 | Ancient Protector |
| 9:36 | Improved Bows |
| 9:44 | Nature's Blessing |
| 10:19 | Searing Arrows |
| 10:26 | Tree of Life |
| 10:29 | Improved Strength of the Moon |
| 10:30 | Archer |
| 10:41 | Wisp |
| 10:44 | Ancient of Wind |
| 10:45 | Ancient of Wind |
| 10:48 | Ancient of Wind |
| 10:56 | Ancient of Wonders |
| 11:14 | Trueshot Aura |
| 11:42 | Archer |
| 12:07 | Scroll of Town Portal |
| 12:07 | Staff of Preservation |
| 12:07 | Dust of Appearance |
| 12:35 | Wisp |
| 12:36 | Wisp |
| 12:36 | Wisp |
| 12:38 | Moon Well |
| 12:48 | Tree of Life |
| 12:50 | Wisp |
| 12:50 | Wisp |
| 12:52 | Wisp |
| 12:53 | Wisp |
| 12:53 | Wisp |
| 13:40 | Ancient Protector |
| 13:41 | Ancient Protector |
| 14:22 | Ancient Protector |
| 14:22 | Ancient Protector |
| 14:22 | Ancient Protector |
| 14:23 | Wisp |
| 14:23 | Wisp |
| 14:47 | Scroll of Town Portal |
| 15:26 | Moon Well |
| 15:27 | Moon Well |
| 15:29 | Moon Armor |
| 16:09 | Ancient Protector |
| 16:10 | Ancient Protector |
| 16:10 | Ancient Protector |
| 16:11 | Ancient Protector |
| 16:12 | Ancient Protector |
| 16:12 | Wisp |
| 16:13 | Wisp |
| 16:13 | Wisp |
| 16:13 | Wisp |
| 16:13 | Wisp |
| 16:15 | Scroll of Town Portal |
| 16:23 | Ancient Protector |
| 16:32 | Ancient Protector |
| 16:33 | Ancient Protector |
| 16:34 | Ancient Protector |
| 16:35 | Ancient Protector |
| 16:36 | Wisp |
| 16:36 | Wisp |
| 16:37 | Wisp |
| 16:37 | Wisp |
| 16:37 | Wisp |
| 16:39 | Wisp |
| 16:40 | Wisp |
| 16:55 | Ancient Protector |
| 16:55 | Ancient Protector |
| 16:57 | Wisp |
| 17:00 | Wisp |
| 17:00 | Wisp |
| 17:13 | Ancient Protector |
| 17:17 | Ancient of Wonders |
| 17:17 | Wisp |
| 17:17 | Wisp |
| 17:37 | Ancient Protector |
| 17:41 | Ancient Protector |
| 17:51 | Ancient Protector |
| 17:58 | Wisp |
| 18:20 | Ancient Protector |
| 18:20 | Ancient Protector |
| 18:22 | Ancient Protector |
| 18:22 | Ancient Protector |
| 18:24 | Wisp |
| 18:24 | Wisp |
| 18:25 | Wisp |
| 18:25 | Wisp |
| 18:25 | Wisp |
| 18:50 | Ancient Protector |
| 19:19 | Scroll of Town Portal |
| 19:37 | Ancient Protector |
| 19:38 | Wisp |
| 19:38 | Wisp |
| 19:40 | Ancient Protector |
| 19:41 | Ancient Protector |
| 20:00 | Ancient Protector |
| 20:01 | Ancient Protector |
| 20:02 | Wisp |
| 20:23 | Ancient Protector |
| 20:26 | Ancient Protector |
| 20:26 | Wisp |
| 20:41 | Wisp |
| 20:41 | Wisp |
| 20:42 | Wisp |
| 21:33 | Faerie Dragon |
| 21:34 | Archer |
| 22:24 | Archer |
| 22:38 | Archer |
| 22:40 | Hippogryph |
| 23:09 | Hippogryph |
| 23:27 | Improved Moon Armor |
| 23:45 | Hippogryph |
| 23:56 | Hippogryph |
| 24:27 | Searing Arrows |
| 24:32 | Faerie Dragon |
| 26:05 | Hippogryph |
| 26:27 | Hippogryph |
| 26:46 | Faerie Dragon |
| 27:02 | Archer |
| 27:16 | Faerie Dragon |
| 29:13 | Altar of Elders |
| 29:52 | Moon Well |
| 29:55 | Tree of Life |
| 29:59 | Moon Well |
| Select group | 2156 |
| Right click | 1326 |
| Select | 713 |
| Assign group | 436 |
| Build/train/purchase | 178 |
| Chat | 132 |
| Misc. action | 106 |
| Use ability | 106 |
| Esc | 8 |
| Minimap ping | 7 |
RangerOne
(31:42) : 


| Healing Salve | 3 | 300 |
| Potion of Mana | 1 | 200 |
| Scroll of Town Portal | 5 | 1750 |
| total: | 9 | 2250g |
| Peon | 12 | 900 | / | 0 |
| Troll Headhunter | 9 | 1260 | / | 180 |
| Shaman | 4 | 520 | / | 80 |
| Kodo Beast | 1 | 255 | / | 60 |
| Troll Batrider | 11 | 1760 | / | 440 |
| Troll Berserker | 2 | 280 | / | 40 |
| Troll Witch Doctor | 1 | 145 | / | 25 |
| Priest | 2 | 270 | / | 20 |
| Rifleman | 1 | 205 | / | 30 |
| total: | 43 | 5595g | / | 875w |
| Watch Tower | 14 | 1540 | / | 1120 |
| Orc Burrow | 10 | 1600 | / | 400 |
| Altar of Storms | 2 | 360 | / | 100 |
| War Mill | 1 | 205 | / | 0 |
| Barracks | 1 | 180 | / | 50 |
| Voodoo Lounge | 1 | 130 | / | 30 |
| Great Hall | 2 | 770 | / | 370 |
| Spirit Lodge | 1 | 150 | / | 150 |
| Beastiary | 1 | 145 | / | 140 |
| Stronghold | 1 | 315 | / | 190 |
| Fortress | 1 | 325 | / | 190 |
| total: | 33 | 5080g | / | 2360w |
| 0:03 | Peon |
| 0:03 | Peon |
| 0:03 | Peon |
| 0:03 | Peon |
| 0:35 | Orc Burrow |
| 0:50 | Altar of Storms |
| 0:53 | War Mill |
| 1:06 | Barracks |
| 1:07 | Peon |
| 1:26 | Peon |
| 1:37 | Peon |
| 1:40 | Orc Burrow |
| 2:07 | Troll Headhunter |
| 2:14 | Voodoo Lounge |
| 2:17 | Peon |
| 2:34 | Troll Headhunter |
| 2:50 | Endurance Aura |
| 2:59 | Troll Headhunter |
| 3:00 | Steel Ranged Weapons |
| 3:10 | Troll Headhunter |
| 3:34 | Troll Headhunter |
| 3:39 | Healing Salve |
| 4:19 | Stronghold |
| 4:21 | Watch Tower |
| 4:26 | Troll Headhunter |
| 4:39 | Orc Burrow |
| 4:43 | War Stomp |
| 5:10 | Steel Armor |
| 5:12 | Orc Burrow |
| 5:18 | Healing Salve |
| 5:46 | Troll Headhunter |
| 6:06 | Troll Headhunter |
| 6:14 | Endurance Aura |
| 6:20 | Troll Headhunter |
| 7:41 | Orc Burrow |
| 7:53 | Healing Wave |
| 7:57 | Spirit Lodge |
| 8:04 | Fortress |
| 8:08 | Reinforced Defenses |
| 8:11 | Watch Tower |
| 8:20 | Scroll of Town Portal |
| 9:31 | Shaman |
| 9:33 | Shaman Adept Training |
| 9:38 | War Stomp |
| 9:43 | Beastiary |
| 9:51 | Great Hall |
| 9:57 | Hex |
| 10:13 | Watch Tower |
| 10:33 | Berserker Upgrade |
| 11:11 | Shaman Master Training |
| 11:53 | Feral Spirit |
| 12:06 | Kodo Beast |
| 12:07 | War Drums Damage Increase |
| 12:08 | Troll Batrider |
| 12:42 | Shaman |
| 12:49 | Watch Tower |
| 12:53 | Orc Burrow |
| 12:55 | Peon |
| 12:55 | Peon |
| 12:55 | Peon |
| 12:55 | Peon |
| 13:51 | Orc Burrow |
| 13:53 | Watch Tower |
| 14:43 | Orc Burrow |
| 14:50 | Watch Tower |
| 14:53 | Watch Tower |
| 14:55 | Watch Tower |
| 15:06 | Potion of Mana |
| 15:13 | Scroll of Town Portal |
| 15:19 | Healing Salve |
| 15:54 | Troll Batrider |
| 15:54 | Troll Batrider |
| 15:54 | Troll Batrider |
| 17:28 | Troll Batrider |
| 17:28 | Troll Batrider |
| 17:49 | Scroll of Town Portal |
| 19:21 | Great Hall |
| 19:38 | Watch Tower |
| 19:40 | Orc Burrow |
| 19:49 | Orc Burrow |
| 20:10 | Hex |
| 20:28 | Scroll of Town Portal |
| 20:36 | Watch Tower |
| 21:28 | Scroll of Town Portal |
| 22:58 | Troll Berserker |
| 23:30 | Watch Tower |
| 24:06 | Troll Batrider |
| 24:06 | Troll Batrider |
| 24:07 | Troll Batrider |
| 25:19 | Endurance Aura |
| 25:34 | Shaman |
| 25:52 | Troll Berserker |
| 25:54 | Troll Witch Doctor |
| 25:58 | Troll Batrider |
| 26:03 | Altar of Storms |
| 26:26 | Watch Tower |
| 26:28 | Watch Tower |
| 26:59 | Watch Tower |
| 27:18 | Troll Batrider |
| 27:20 | Shaman |
| 31:29 | Priest |
| 31:30 | Priest |
| 31:31 | Rifleman |
| Right click | 722 |
| Select group | 558 |
| Select | 258 |
| Build/train/purchase | 116 |
| Use ability | 38 |
| Assign group | 31 |
| Resource trade | 14 |
| Minimap ping | 3 |
| Misc. action | 2 |
| Remove unit | 2 |
| Item give/drop | 1 |
159 units @ 26.1k
/ 4.7k
65 buildings @ 10.4k
/ 3.9k



| Rod of Necromancy | 2 | 300 |
| Sacrificial Skull | 1 | 50 |
| Orb of Corruption | 1 | 375 |
| Potion of Healing | 1 | 150 |
| Scroll of Town Portal | 6 | 2100 |
| Scroll of Healing | 2 | 500 |
| Scroll of Protection | 1 | 150 |
| total: | 14 | 3625g |
| Acolyte | 13 | 975 | / | 0 |
| Ghoul | 2 | 240 | / | 0 |
| Crypt Fiend | 11 | 2365 | / | 440 |
| Obsidian Statue | 11 | 2200 | / | 385 |
| Frost Wyrm | 10 | 3850 | / | 1200 |
| Abomination | 3 | 720 | / | 210 |
| total: | 50 | 10350g | / | 2235w |
| Nerubian Tower | 1 | 100 | / | 20 |
| Spirit Tower | 2 | 290 | / | 80 |
| Graveyard | 1 | 215 | / | 0 |
| Crypt | 1 | 200 | / | 50 |
| Altar of Darkness | 1 | 180 | / | 50 |
| Ziggurat | 12 | 1800 | / | 600 |
| Tomb of Relics | 1 | 130 | / | 30 |
| Necropolis | 1 | 225 | / | 0 |
| Slaughterhouse | 1 | 140 | / | 135 |
| Sacrificial Pit | 1 | 75 | / | 150 |
| Boneyard | 1 | 175 | / | 200 |
| Halls of the Dead | 1 | 320 | / | 210 |
| Black Citadel | 1 | 325 | / | 230 |
| total: | 20 | 3140g | / | 1215w |
| 0:02 | Acolyte |
| 0:03 | Acolyte |
| 0:10 | Graveyard |
| 0:17 | Crypt |
| 0:43 | Altar of Darkness |
| 0:57 | Ziggurat |
| 1:14 | Tomb of Relics |
| 1:24 | Ghoul |
| 1:49 | Crypt Fiend |
| 2:12 | Ziggurat |
| 2:22 | Crypt Fiend |
| 2:46 | Death Coil |
| 2:47 | Rod of Necromancy |
| 2:55 | Sacrificial Skull |
| 3:33 | Acolyte |
| 3:33 | Acolyte |
| 3:33 | Acolyte |
| 3:33 | Acolyte |
| 3:33 | Acolyte |
| 4:01 | Ghoul |
| 4:04 | Unholy Aura |
| 4:08 | Ziggurat |
| 4:34 | Rod of Necromancy |
| 4:56 | Halls of the Dead |
| 5:20 | Crypt Fiend |
| 5:23 | Nerubian Tower |
| 6:07 | Death Coil |
| 6:10 | Crypt Fiend |
| 6:15 | Ziggurat |
| 6:17 | Ziggurat |
| 6:52 | Crypt Fiend |
| 7:46 | Black Citadel |
| 7:48 | Crypt Fiend |
| 7:51 | Slaughterhouse |
| 8:25 | Burrow |
| 9:02 | Frost Nova |
| 9:06 | Spirit Tower |
| 9:09 | Necropolis |
| 9:46 | Obsidian Statue |
| 9:46 | Obsidian Statue |
| 9:47 | Web |
| 10:01 | Sacrificial Pit |
| 11:02 | Destroyer Form |
| 11:02 | Obsidian Statue |
| 11:52 | Crypt Fiend |
| 11:53 | Obsidian Statue |
| 11:57 | Boneyard |
| 12:10 | Impale |
| 12:20 | Ziggurat |
| 12:21 | Ziggurat |
| 12:48 | Frost Armor |
| 12:50 | Orb of Corruption |
| 12:52 | Scroll of Town Portal |
| 12:52 | Scroll of Healing |
| 13:14 | Acolyte |
| 13:14 | Acolyte |
| 13:14 | Acolyte |
| 13:14 | Acolyte |
| 13:14 | Acolyte |
| 13:18 | Spirit Tower |
| 14:09 | Creature Attack |
| 14:48 | Ziggurat |
| 14:49 | Ziggurat |
| 14:50 | Ziggurat |
| 15:03 | Scroll of Town Portal |
| 15:07 | Unholy Aura |
| 15:27 | Creature Carapace |
| 16:54 | Frost Wyrm |
| 16:55 | Obsidian Statue |
| 17:13 | Scroll of Town Portal |
| 17:30 | Acolyte |
| 18:23 | Spiked Carapace |
| 18:48 | Obsidian Statue |
| 18:48 | Obsidian Statue |
| 19:22 | Scroll of Town Portal |
| 19:53 | Freezing Breath |
| 21:17 | Frost Wyrm |
| 21:18 | Obsidian Statue |
| 21:18 | Obsidian Statue |
| 21:19 | Crypt Fiend |
| 21:35 | Frost Nova |
| 21:36 | Impale |
| 21:37 | Scroll of Town Portal |
| 21:38 | Potion of Healing |
| 21:39 | Scroll of Healing |
| 21:49 | Crypt Fiend |
| 22:31 | Death Coil |
| 22:45 | Frost Wyrm |
| 22:46 | Abomination |
| 23:32 | Ziggurat |
| 23:33 | Ziggurat |
| 24:24 | Frost Armor |
| 24:56 | Frost Armor |
| 25:14 | Frost Wyrm |
| 25:14 | Abomination |
| 25:38 | Spiked Carapace |
| 25:54 | Frost Nova |
| 26:10 | Abomination |
| 26:13 | Frost Wyrm |
| 26:33 | Animate Dead |
| 27:06 | Scroll of Town Portal |
| 27:09 | Scroll of Protection |
| 27:47 | Frost Wyrm |
| 27:50 | Unholy Armor |
| 28:30 | Crypt Fiend |
| 29:12 | Impale |
| 29:17 | Frost Wyrm |
| 30:09 | Frost Wyrm |
| 30:10 | Crypt Fiend |
| 30:50 | Frost Wyrm |
| 31:51 | Obsidian Statue |
| 31:51 | Obsidian Statue |
| 31:58 | Unholy Aura |
| 31:59 | Death and Decay |
| 32:24 | Frost Wyrm |
| 32:28 | Locust Swarm |
| Right click | 1362 |
| Select group | 683 |
| Select | 433 |
| Assign group | 344 |
| Chat | 294 |
| Use ability | 134 |
| Build/train/purchase | 132 |
| Resource trade | 21 |
| Minimap ping | 16 |
| Misc. action | 4 |
| Item give/drop | 4 |
| Esc | 2 |

| Peasant | 9 | 675 | / | 0 |
| Rifleman | 4 | 820 | / | 120 |
| total: | 13 | 1495g | / | 120w |
| Altar of Kings | 1 | 180 | / | 50 |
| Lumber Mill | 1 | 120 | / | 0 |
| Farm | 6 | 480 | / | 120 |
| Barracks | 2 | 320 | / | 120 |
| Blacksmith | 1 | 140 | / | 60 |
| Arcane Vault | 1 | 130 | / | 30 |
| Town Hall | 1 | 385 | / | 205 |
| total: | 13 | 1755g | / | 585w |
| 0:05 | Peasant |
| 0:05 | Peasant |
| 0:09 | Altar of Kings |
| 0:28 | Lumber Mill |
| 0:30 | Peasant |
| 0:37 | Farm |
| 0:40 | Peasant |
| 0:53 | Farm |
| 0:55 | Peasant |
| 0:55 | Peasant |
| 1:07 | Peasant |
| 1:16 | Peasant |
| 1:29 | Farm |
| 1:38 | Barracks |
| 2:00 | Blacksmith |
| 2:10 | Storm Bolt |
| 2:23 | Barracks |
| 2:29 | Peasant |
| 2:31 | Farm |
| 3:16 | Rifleman |
| 3:35 | Rifleman |
| 3:40 | Farm |
| 3:41 | Farm |
| 4:12 | Rifleman |
| 5:03 | Rifleman |
| 5:14 | Arcane Vault |
| 9:20 | Town Hall |
| 9:46 | Thunder Clap |
| 14:14 | Thunder Clap |
| Right click | 975 |
| Chat | 398 |
| Select group | 190 |
| Select | 133 |
| Assign group | 64 |
| Misc. action | 37 |
| Build/train/purchase | 28 |
| Resource trade | 19 |
| Use ability | 16 |
| Minimap ping | 7 |
| Item give/drop | 3 |


| Healing Salve | 4 | 400 |
| Lesser Clarity Potion | 5 | 350 |
| Scroll of Speed | 4 | 200 |
| Orb of Lightning | 1 | 375 |
| Tiny Great Hall | 1 | 600 |
| Scroll of Town Portal | 4 | 1400 |
| Staff of Teleportation | 1 | 150 |
| Boots of Speed | 1 | 250 |
| Circlet of Nobility | 1 | 175 |
| Potion of Lesser Invulnerability | 1 | 150 |
| total: | 23 | 4050g |
| Peon | 8 | 600 | / | 0 |
| Troll Batrider | 18 | 2880 | / | 720 |
| Wind Rider | 8 | 2120 | / | 320 |
| Kodo Beast | 1 | 255 | / | 60 |
| total: | 35 | 5855g | / | 1100w |
| Altar of Storms | 1 | 180 | / | 50 |
| Orc Burrow | 7 | 1120 | / | 280 |
| Voodoo Lounge | 1 | 130 | / | 30 |
| War Mill | 1 | 205 | / | 0 |
| Great Hall | 1 | 385 | / | 185 |
| Beastiary | 3 | 435 | / | 420 |
| Stronghold | 1 | 315 | / | 190 |
| Fortress | 1 | 325 | / | 190 |
| total: | 14 | 2455g | / | 965w |
| 0:03 | Peon |
| 0:09 | Altar of Storms |
| 0:14 | Peon |
| 0:20 | Orc Burrow |
| 0:22 | Peon |
| 0:33 | Peon |
| 0:42 | Peon |
| 0:50 | Voodoo Lounge |
| 1:01 | Peon |
| 1:18 | Peon |
| 1:32 | Peon |
| 2:04 | Stronghold |
| 2:08 | Healing Salve |
| 2:08 | Healing Salve |
| 2:09 | Lesser Clarity Potion |
| 2:09 | Lesser Clarity Potion |
| 2:09 | Scroll of Speed |
| 2:11 | Wind Walk |
| 2:23 | War Mill |
| 3:15 | Orc Burrow |
| 3:48 | Scroll of Speed |
| 3:52 | Orc Burrow |
| 3:54 | Orc Burrow |
| 4:13 | Staff of Teleportation |
| 4:13 | Boots of Speed |
| 4:50 | Beastiary |
| 4:51 | Beastiary |
| 5:07 | Beastiary |
| 5:47 | Fortress |
| 5:48 | Orc Burrow |
| 6:07 | Troll Batrider |
| 6:18 | Circlet of Nobility |
| 6:30 | Troll Batrider |
| 6:37 | Troll Batrider |
| 7:06 | Troll Batrider |
| 7:47 | Troll Batrider |
| 8:09 | Critical Strike |
| 8:15 | Reinforced Defenses |
| 8:17 | Liquid Fire |
| 9:46 | Troll Batrider |
| 9:48 | Lesser Clarity Potion |
| 9:49 | Healing Salve |
| 9:50 | Scroll of Speed |
| 9:51 | Scroll of Town Portal |
| 9:54 | Troll Batrider |
| 10:12 | Troll Batrider |
| 10:32 | Steel Ranged Weapons |
| 10:33 | Troll Batrider |
| 11:33 | Wind Walk |
| 11:34 | Lesser Clarity Potion |
| 11:35 | Orb of Lightning |
| 11:39 | Scroll of Town Portal |
| 12:17 | Troll Batrider |
| 12:19 | Thorium Ranged Weapons |
| 13:39 | Arcanite Ranged Weapons |
| 13:41 | Troll Batrider |
| 13:42 | Orc Burrow |
| 13:43 | Orc Burrow |
| 14:16 | Troll Batrider |
| 14:41 | Envenomed Spears |
| 14:42 | War Drums Damage Increase |
| 15:50 | Critical Strike |
| 16:25 | Troll Batrider |
| 16:40 | Potion of Lesser Invulnerability |
| 17:09 | Troll Batrider |
| 17:34 | Troll Batrider |
| 17:35 | Critical Strike |
| 18:03 | Troll Batrider |
| 18:48 | Wind Rider |
| 18:59 | Lesser Clarity Potion |
| 19:00 | Healing Salve |
| 19:44 | Wind Rider |
| 21:00 | Tiny Great Hall |
| 21:02 | Scroll of Speed |
| 21:10 | Hex |
| 22:00 | Wind Rider |
| 22:36 | Wind Rider |
| 22:45 | Wind Rider |
| 23:16 | Healing Wave |
| 23:20 | Kodo Beast |
| 23:45 | Scroll of Town Portal |
| 24:17 | Troll Batrider |
| 25:09 | Healing Wave |
| 26:28 | Wind Rider |
| 26:31 | Bladestorm |
| 27:07 | Wind Rider |
| 27:08 | Troll Batrider |
| 28:13 | Wind Rider |
| 28:50 | Hex |
| 29:25 | Great Hall |
| 29:59 | Scroll of Town Portal |
| 31:55 | Healing Wave |
| 31:55 | Healing Wave |
| 32:30 | Wind Walk |
| Select group | 1850 |
| Right click | 1820 |
| Assign group | 440 |
| Misc. action | 425 |
| Select | 402 |
| Build/train/purchase | 136 |
| Chat | 135 |
| Use ability | 53 |
| Minimap ping | 23 |
| Item give/drop | 4 |
| Esc | 1 |


| Healing Salve | 5 | 500 |
| Scroll of Speed | 3 | 150 |
| Lesser Clarity Potion | 6 | 420 |
| Orb of Lightning | 1 | 375 |
| Potion of Mana | 1 | 200 |
| Scroll of Town Portal | 6 | 2100 |
| Scroll of Healing | 1 | 250 |
| Potion of Lesser Invulnerability | 1 | 150 |
| total: | 24 | 4145g |
| Peon | 13 | 975 | / | 0 |
| Troll Headhunter | 14 | 1960 | / | 280 |
| Kodo Beast | 4 | 1020 | / | 240 |
| Troll Berserker | 8 | 1120 | / | 160 |
| Troll Witch Doctor | 9 | 1305 | / | 225 |
| Shaman | 9 | 1170 | / | 180 |
| Demolisher | 4 | 880 | / | 200 |
| total: | 61 | 8430g | / | 1285w |
| Orc Burrow | 6 | 960 | / | 240 |
| Altar of Storms | 1 | 180 | / | 50 |
| War Mill | 1 | 205 | / | 0 |
| Barracks | 2 | 360 | / | 100 |
| Voodoo Lounge | 4 | 520 | / | 120 |
| Great Hall | 1 | 385 | / | 185 |
| Beastiary | 1 | 145 | / | 140 |
| Spirit Lodge | 2 | 300 | / | 300 |
| Stronghold | 1 | 315 | / | 190 |
| Fortress | 1 | 325 | / | 190 |
| total: | 18 | 3055g | / | 1135w |
| 0:02 | Peon |
| 0:14 | Peon |
| 0:30 | Peon |
| 0:33 | Orc Burrow |
| 0:47 | Peon |
| 0:48 | Altar of Storms |
| 0:58 | Peon |
| 1:03 | War Mill |
| 1:11 | Peon |
| 1:19 | Barracks |
| 1:30 | Orc Burrow |
| 1:37 | Peon |
| 1:51 | Peon |
| 1:58 | Voodoo Lounge |
| 2:22 | Troll Headhunter |
| 2:26 | Troll Headhunter |
| 2:53 | Troll Headhunter |
| 3:18 | Endurance Aura |
| 3:26 | Troll Headhunter |
| 3:55 | Great Hall |
| 4:00 | Troll Headhunter |
| 4:12 | Troll Headhunter |
| 4:34 | Troll Headhunter |
| 4:54 | Troll Headhunter |
| 5:11 | War Stomp |
| 5:13 | Troll Headhunter |
| 5:15 | Stronghold |
| 5:43 | Healing Salve |
| 5:48 | Healing Salve |
| 5:48 | Scroll of Speed |
| 6:17 | Orc Burrow |
| 6:19 | Steel Ranged Weapons |
| 6:36 | Troll Headhunter |
| 7:11 | Troll Headhunter |
| 7:30 | Lesser Clarity Potion |
| 7:32 | Scroll of Speed |
| 7:41 | Fortress |
| 7:41 | Troll Headhunter |
| 8:08 | Troll Headhunter |
| 8:11 | Beastiary |
| 8:12 | Spirit Lodge |
| 8:13 | Spirit Lodge |
| 8:29 | War Stomp |
| 8:32 | Thorium Ranged Weapons |
| 8:33 | Peon |
| 8:45 | Lesser Clarity Potion |
| 8:45 | Lesser Clarity Potion |
| 9:18 | Troll Headhunter |
| 9:21 | Kodo Beast |
| 9:23 | Peon |
| 9:23 | Peon |
| 9:35 | Peon |
| 9:40 | Healing Salve |
| 10:02 | Berserker Upgrade |
| 10:10 | Witch Doctor Adept Training |
| 10:12 | Shaman Adept Training |
| 10:27 | Scroll of Town Portal |
| 10:37 | Orb of Lightning |
| 11:14 | Witch Doctor Master Training |
| 11:14 | Shaman Master Training |
| 11:16 | Peon |
| 11:37 | Endurance Aura |
| 11:39 | Troll Berserker |
| 11:43 | Orc Burrow |
| 12:21 | Troll Witch Doctor |
| 12:23 | War Drums Damage Increase |
| 12:34 | Healing Salve |
| 12:37 | Lesser Clarity Potion |
| 12:38 | Scroll of Town Portal |
| 12:40 | Hex |
| 12:45 | Shaman |
| 12:45 | Troll Witch Doctor |
| 13:02 | Shaman |
| 13:02 | Troll Witch Doctor |
| 13:35 | Orc Burrow |
| 13:36 | Orc Burrow |
| 14:34 | Shaman |
| 14:35 | Troll Witch Doctor |
| 14:37 | Troll Berserker |
| 14:51 | Lesser Clarity Potion |
| 14:52 | Scroll of Town Portal |
| 15:04 | Barracks |
| 15:05 | Burning Oil |
| 16:46 | Demolisher |
| 16:47 | Demolisher |
| 16:47 | Shaman |
| 16:48 | Troll Witch Doctor |
| 17:07 | Healing Salve |
| 17:07 | Lesser Clarity Potion |
| 17:11 | Scroll of Town Portal |
| 17:15 | Scroll of Speed |
| 17:24 | Troll Berserker |
| 17:34 | Shaman |
| 17:35 | Troll Witch Doctor |
| 17:37 | Kodo Beast |
| 17:40 | Voodoo Lounge |
| 18:46 | Troll Berserker |
| 19:21 | Potion of Mana |
| 19:22 | Scroll of Town Portal |
| 19:24 | Troll Berserker |
| 19:41 | Shaman |
| 19:42 | Healing Wave |
| 19:53 | Troll Regeneration |
| 19:53 | Troll Berserker |
| 19:54 | Arcanite Ranged Weapons |
| 20:31 | Demolisher |
| 21:18 | Shaman |
| 21:20 | Demolisher |
| 21:28 | Voodoo Lounge |
| 22:09 | War Stomp |
| 22:41 | Healing Wave |
| 22:53 | Troll Berserker |
| 22:54 | Kodo Beast |
| 22:55 | Shaman |
| 22:55 | Troll Witch Doctor |
| 23:21 | Steel Armor |
| 23:39 | Voodoo Lounge |
| 25:16 | Reincarnation |
| 25:21 | Troll Berserker |
| 25:22 | Kodo Beast |
| 25:22 | Troll Witch Doctor |
| 25:22 | Shaman |
| 26:06 | Hex |
| 27:02 | Scroll of Town Portal |
| 27:03 | Potion of Lesser Invulnerability |
| 27:06 | Scroll of Healing |
| 30:49 | Healing Wave |
| 30:57 | Endurance Aura |
| 31:56 | Shockwave |
| 32:29 | Troll Witch Doctor |
| Right click | 2261 |
| Select | 882 |
| Select group | 757 |
| Chat | 538 |
| Build/train/purchase | 170 |
| Assign group | 89 |
| Misc. action | 87 |
| Use ability | 83 |
| Minimap ping | 29 |
| Resource trade | 5 |
| Item give/drop | 2 |
| Esc | 1 |